 Dungeon Crawl Stone Soup version 0.31.0-9-g3a7656b989 (webtiles) character file.

Game seed: 17808479768461708111

95 qw the Shooter (level 4, 0/22 HPs)
             Began as a Spriggan Hunter on Feb 2, 2024.
             Slain by Ijyb
             ... wielding a +0 club
              (3 damage)
             ... on level 5 of the Dungeon.
             The game lasted 00:00:07 (2298 turns).

qw the Shooter (Spriggan Hunter)                    Turns: 2298, Time: 00:00:08

Health: 0/22       AC:  2    Str:  7    XL:     4   Next: 39%
Magic:  5/5        EV: 20    Int: 10    God:
Gold:   105        SH:  0    Dex: 20    Spells: 3/3 levels left

rFire   . . .        a - +0 shortbow
rCold   . . .        (shield currently unavailable)
rNeg    . . .        c - +0 robe
rPois   .            (helmet restricted)
rElec   .            (no cloak)
rCorr   .            (gloves unavailable)
SInv    +            (boots unavailable)
Will    .....        (no amulet)
Stlth   ++           (no ring)
HPRegen 0.23/turn    (no ring)
MPRegen 0.09/turn

%: no passive effects
@: very quick
A: very small, no large weapons, unfitting armour, see invisible, speed 3
a: no special abilities


You were on level 5 of the Dungeon.
You visited 1 branch of the dungeon, and saw 5 of its levels.

You collected 105 gold pieces.


Innate Abilities, Weirdness & Mutations

You are very small and have problems with some larger weapons.
You are too small for most types of armour.
You have supernaturally acute eyesight. (SInv)
You cover ground extremely quickly. (Speed+++)


   Skills:
 - Level 1.5 Fighting
 - Level 5.0 Ranged Weapons
 + Level 4.9 Dodging
 - Level 1.5 Stealth


You had 3 spell levels left.
You didn't know any spells.
Your spell library was empty.

Inventory:

Hand Weapons
 a - a +0 shortbow (weapon)
Armour
 c - a +0 robe (worn)
Wands
 b - a wand of iceblast (11)
Scrolls
 f - a scroll of revelation {unknown}
Potions
 d - a potion of resistance {unknown}
 e - a potion of curing

Dungeon Overview and Level Annotations

Branches:
Dungeon (4/15)
 Temple: D:4-7

Altars:
Ashenzari

Annotations:
D:5 Ijyb


Message History

Ijyb the Twisted Goblin comes into view.
She is wielding a +0 club and carrying a wand of acid.
Ijyb shouts!
You shoot an arrow. The arrow hits Ijyb.
Ijyb is lightly wounded.
You shoot an arrow. The arrow hits Ijyb but does no damage.
Ijyb is lightly wounded.
Ijyb screams, "You nasty!
Big nasty!"
Ijyb zaps a wand.
The bolt of acid hits you!
Ouch! That really hurt!
You shoot an arrow. The arrow hits Ijyb.
Ijyb is lightly wounded.
You shoot an arrow. The arrow hits Ijyb but does no damage.
Ijyb is lightly wounded.
Ijyb zaps a wand.
The bolt of acid misses you.
You shoot an arrow. The arrow hits Ijyb but does no damage.
Ijyb is lightly wounded.
You shoot an arrow. The arrow closely misses Ijyb.
You shoot an arrow. The arrow hits Ijyb but does no damage.
Ijyb is lightly wounded.
Ijyb misses you.
You shoot an arrow. The arrow hits Ijyb.
Ijyb is moderately wounded.
Ijyb misses you.
You shoot an arrow. The arrow hits Ijyb but does no damage.
Ijyb is lightly wounded.
Ijyb hits you with a +0 club.
You shoot an arrow. The arrow hits Ijyb but does no damage.
Ijyb is lightly wounded.
Ijyb screams, "Die!"
Ijyb hits you with a +0 club.
You shoot an arrow. The arrow hits Ijyb but does no damage.
Ijyb is lightly wounded.
Ijyb hits you with a +0 club.
You shoot an arrow. The arrow hits Ijyb.
Ijyb is moderately wounded.
Ijyb completely misses you.
You shoot an arrow. The arrow hits Ijyb but does no damage.
Ijyb is moderately wounded.
Ijyb closely misses you. Ijyb hits you with a +0 club.
You die...

..........##
##.##...#
..........# #..#
.(.# ..........#
#.## ###
#.##....### ##.#
##......####..#
............##.##
#..............#
#..#..........##
.>.#...>.....@# ..
#........g..<...#
...................
............#######
#.#........##
.......[.. .......
.......


You could see Ijyb.

Vanquished Creatures
  5 adders
  2 dart slugs (D:2)
  2 endoplasms
  2 giant cockroaches
  2 goblins (D:2)
  4 hobgoblins
  8 jackals
  4 kobolds
  3 quokkas (D:2)
  A ball python (D:1)
  5 bats
  2 frilled lizards (D:1)
  3 rats (D:1)
43 creatures vanquished.

Notes
Turn   | Place    | Note
-------+----------+-------------------------------------------
     0 | D:1      | qw the Spriggan Hunter began the quest for the Orb.
     0 | D:1      | Reached XP level 1. HP: 10/10 MP: 2/2
     0 | D:1      | 0 ||| qw: Version: 0.3-a-155-g5e7d8dd
     0 | D:1      | 0 ||| qw: Game counter: 2084
     0 | D:1      | 0 ||| qw: Melee chars always use a shield: true
     0 | D:1      | 0 ||| qw: God list: Okawaru
     0 | D:1      | 0 ||| qw: Allow faded altars: false
     0 | D:1      | 0 ||| qw: Do Orc after clearing Dungeon:15 true
     0 | D:1      | 0 ||| qw: Do second Lair branch before Depths: true
     0 | D:1      | 0 ||| qw: Lair rune preference: random
     0 | D:1      | 0 ||| qw: Goals: Normal
     0 | D:1      | 0 ||| PLANNING D:1-11
    16 | D:1      | Reached skill level 3 in Dodging
   178 | D:1      | Reached XP level 2. HP: 14/14 MP: 3/3
   575 | D:1      | 575 ||| READING 3 scrolls labelled IBUODD VUELUKOKH.
   576 | D:1      | 576 ||| READING scroll labelled GURIOXOIGH.
   576 | D:1      | 576 ||| IDENTIFYING green potion
   577 | D:1      | 577 ||| READING 3 scrolls labelled PASKIJ NEHE.
   578 | D:1      | 578 ||| READING scroll labelled BAW ONUAK.
   579 | D:1      | 579 ||| READING scroll labelled POCLIL MUITT.
   680 | D:1      | 680 ||| DROPPING scroll of butterflies.
   681 | D:1      | 681 ||| DROPPING 2 scrolls of immolation.
   682 | D:1      | 682 ||| DROPPING 2 scrolls of fog.
   803 | D:2      | Reached XP level 3. HP: 8/18 MP: 4/4
  1100 | D:2      | Reached skill level 5 in Ranged Weapons
  1202 | D:2      | 1202 ||| READING 2 scrolls of identify.
  1202 | D:2      | 1202 ||| IDENTIFYING blue potion
  1203 | D:2      | 1203 ||| READING scroll of identify.
  1203 | D:2      | 1203 ||| IDENTIFYING orange potion
  1204 | D:2      | 1204 ||| READING 2 scrolls labelled CEQIOF VUOPP.
  1205 | D:2      | 1205 ||| READING scroll labelled PEIHIP WAAST.
  1206 | D:2      | 1206 ||| DROPPING scroll of amnesia.
  1207 | D:2      | 1207 ||| DROPPING potion of berserk rage.
  1208 | D:2      | 1208 ||| DROPPING potion of ambrosia.
  1532 | D:3      | Reached XP level 4. HP: 22/22 MP: 5/5
  1710 | D:3      | Found a broken altar of Ashenzari.
  2232 | D:4      | 2232 ||| STAIRDANCE
  2237 | D:4      | 2237 ||| STAIRDANCE
  2251 | D:4      | You fall into a shaft and drop 1 floor!
  2251 | D:5      | Entered Level 5 of the Dungeon
  2285 | D:5      | Noticed Ijyb
  2296 | D:5      | HP: 3/22 [Ijyb/+0 club (4)]
  2298 | D:5      | Slain by Ijyb

Levels and vault maps discovered:
D:1:      minmay_arrival_arboretum_small, layout_basic
D:2:      layout_rooms
D:3:      layout_basic, evilmike_ruin_ashenzari
D:4:      layout_loops_ring, lemuel_crystal_altar, tgw_trog, tso_oasis_becter,
          minmay_temple_entry_overgrown, serial_library_hellmonk_semicircle
D:5:      layout_rooms, old_standard_altar, makhleb_heckhound_becter, uniq_ijyb,
          uniq_grinder, uniq_blork_the_orc

Skill      XL: |  1  2  3 |
---------------+----------+-----
Dodging        | 3 4 |  4.9
Ranged Weapons | 5 |  5.0
Fighting       | |  1.5
Stealth        | |  1.5

Action                     |  1- 3 |  4- 6 || total
---------------------------+-------+-------++-------
   Fire: Shortbow          |   101 |    38 ||   139
    Use: Scroll            |     9 |       ||     9
 Armour: Robe              |    11 |    10 ||    21
  Dodge: Dodged            |    41 |    16 ||    57

Table legend:
 A = Non-vault XP
 B = Vault XP
 C = Vault XP percentage of total XP
 D = Non-vault monster count
 E = Vault monster count
 F = Vault count percentage of total count
                 A         B        C        D         E       F
            +---------+---------+-------+---------+---------+-------
      Total |     136 |       0 |   0.0 |      43 |       0 |   0.0
            +---------+---------+-------+---------+---------+-------
        D:1 |      17 |       0 |   0.0 |      12 |       0 |   0.0
        D:2 |      69 |       0 |   0.0 |      17 |       0 |   0.0
        D:3 |      48 |       0 |   0.0 |      13 |       0 |   0.0
        D:4 |       2 |       0 |   0.0 |       1 |       0 |   0.0
            +---------+---------+-------+---------+---------+-------
